 Dungeon Crawl Stone Soup version 0.25.1-2-g60ff931df9 (webtiles) character file.

Game seed: 14242786247974955770

4600 H0rd4k the Thaumaturge (level 10, -1/50 HPs)
             Began as a Deep Elf Wizard on Nov 11, 2020.
             Was an Initiate of Gozag.
             Slain by a five-headed hydra (15 damage)
             ... on level 11 of the Dungeon on Nov 12, 2020.
             The game lasted 00:27:22 (14077 turns).

H0rd4k the Thaumaturge (Deep Elf Wizard)           Turns: 14077, Time: 00:27:24

Health: -1/50      AC:  3    Str:  4    XL:     10   Next: 19%
Magic:  29/38      EV: 14    Int: 27    God:    Gozag
Gold:   1369       SH:  5    Dex: 13    Spells: 19/35 levels left

rFire    . . .     SeeInvis .   D - staff of wizardry
rCold    . . .     Gourm    .   (no shield)
rNeg     . . .     Faith    .   a - +1 robe
rPois    .         Spirit   .   b - +0 hat
rElec    .         Reflect  +   (no cloak)
rCorr    +         Harm     .   (no gloves)
MR       +....                  (no boots)
Stlth    +++.......             u - amulet of reflection
HPRegen  0.16/turn              t - ring of magical power
MPRegen  0.26/turn              s - ring of resist corrosion

@: very slightly contaminated
A: no striking features
a: Potion Petition, Call Merchant, Bribe Branch, Renounce Religion


You were on level 11 of the Dungeon.
You worshipped Gozag.
Gozag was most pleased with you.
You were hungry.

You visited 1 branch of the dungeon, and saw 11 of its levels.

You collected 1424 gold pieces.
You paid 55 gold pieces to Gozag.

Inventory:

Armour
 a - a +1 robe (worn)
 b - a +0 hat (worn)
 v - the +2 ring mail of a bazaar {Str+2 Dex+7 Stlth+}
   (You found it on level 6 of the Dungeon)

   It affects your strength (+2).
   It affects your dexterity (+7).
   It makes you more stealthy.
Magical Staves
 q - an uncursed staff of air
 D - an uncursed staff of wizardry (weapon)
Jewellery
 f - an uncursed ring of flight
 s - a ring of resist corrosion (right hand)
 t - a ring of magical power (left hand)
 u - an amulet of reflection (around neck)
Wands
 w - a wand of polymorph (8)
Scrolls
 c - 4 scrolls of remove curse
 e - a scroll of enchant armour
 k - 3 scrolls of enchant weapon
 l - 3 scrolls of teleportation
 o - 2 scrolls of fog {unknown}
 A - a scroll of summoning {unknown}
 B - a scroll of identify
 C - a scroll of noise {unknown}
Potions
 g - a potion of heal wounds
 h - 2 potions of might
 i - 2 potions of mutation {unknown}
 j - 2 potions of lignification
 m - a potion of degeneration {unknown}
 n - 5 potions of haste
 p - 2 potions of invisibility {unknown}
 r - 5 potions of curing
 x - a potion of berserk rage {unknown}
 z - a potion of stabbing {unknown}
Miscellaneous
 y - a phantom mirror
Comestibles
 d - 10 rations


   Skills:
 + Level 3.9 Dodging
 + Level 4.3 Stealth
 + Level 13.0 Spellcasting
 + Level 8.4 Conjurations
   Level 1.1 Summonings
 + Level 4.0 Translocations
 + Level 0.2 Transmutations
 + Level 2.9 Fire Magic
 - Level 2.7 Air Magic
 + Level 4.8 Poison Magic
 + Level 1.3 Evocations


You had 19 spell levels left.
You knew the following spells:

 Your Spells              Type           Power        Failure   Level  Hunger
a - Magic Dart            Conj           ####         1%          1    None
b - Blink                 Tloc           N/A          1%          2    None
c - Conjure Flame         Conj/Fire      #####...     1%          3    None
d - Mephitic Cloud        Conj/Pois/Air  #####...     1%          3    None
e - Olgreb's Toxic Radia  Pois           #####...     1%          4    None
f - Ignite Poison         Fire/Tmut/Pois ####....     1%          3    None

Your spell library contained the following spells:

 Spells                   Type           Power        Failure   Level  Hunger
 Foxfire                  Conj/Fire      ####         1%          1    None
 Sting                    Tmut/Pois      ####         1%          1    None
 Call Imp                 Summ           ###.....     1%          2    None
 Poisonous Vapours        Pois/Air       #####.       1%          2    None
 Slow                     Hex            ###.....     1%          2    None
 Sticky Flame             Conj/Fire      #####...     1%          4    None
 Inner Flame              Hex/Fire       ####....     2%          3    None
 Fireball                 Conj/Fire      #####.....   3%          5    ##.....


Dungeon Overview and Level Annotations

Branches:
Dungeon (11/15)            Temple (0/1) D:7            Lair (0/6) D:8
    Orc (0/2) D:10

Altars:
Gozag
Qazlal
Sif Muna
Wu Jian
Xom
Yredelemnul
Zin

Shops:
D:5 (

Annotations:
D:3 3 runed translucent doors, exclusion: upstairs, TangoThomas's ghost, amateur DsVM; bananovenc's ghost, amateur DsSk; philipeq's ghost, amateur DsMo
D:4 exclusion: downstairs
D:7 1 runed translucent door, exclusions: door and downstairs, DildoBatman's ghost, novice FoWz
D:9 exclusions: downstairs and upstairs


Message History

Confirm with . or Enter, or press ? or * to list all spells.
You miscast Blink.
You are very lightly contaminated with residual magic.
Nothing appears to happen.
The orc shouts!
The five-headed hydra closely misses you.
The five-headed hydra barely misses you.
The five-headed hydra bites you!
The five-headed hydra closely misses you.
The five-headed hydra bites you.
The hound skeleton bites you but does no damage.
You block the orc's attack.
Casting: Blink (safe; 1% risk of failure)
Confirm with . or Enter, or press ? or * to list all spells.
You blink.
The bullfrog barely misses you. The hound skeleton bites you.
The five-headed hydra bites you!
* * * LOW HITPOINT WARNING * * *
The five-headed hydra bites you!
You die...
Your body crumbles into a pile of gold.

#.W.....#
#..D....#
###.##### ####W#
#....#
###'########
#.......DD§# $
#<.......FD######
#........@Zo.ooo..
#........zz#######
#..........#
+.........<#
#.........z#
#.....z....#
#..........#
..........#


You could see a five-headed hydra, 2 four-headed hydras, a bullfrog, 4 wights, 4
orcs and a hound skeleton.

Vanquished Creatures
  A two-headed ogre (D:8)
  A hornet (D:10)
  A hippogriff (D:8)
  A spriggan (D:7)
  A wyvern (D:9)
  A hungry ghost (D:10)
  2 wargs (D:8)
  Duvessa (D:7)
  4 sky beasts
  An ice beast (D:7)
  A phantom (D:5)
  An eye of draining (D:9)
  4 centaurs
  2 ogres
  A crocodile (D:7)
  4 bullfrogs
  Dowan (D:7)
  A scorpion (D:6)
  7 wights
  3 crimson imps
  2 quasits
  A jelly (D:10)
  A bullfrog zombie (D:6)
  2 orc priests (D:8)
  4 orc wizards
  5 hounds
  A centaur skeleton (D:4)
  Terence (D:3)
  4 iguanas
  Natasha (twice) (D:3)
  A worker ant (D:4)
  A hound zombie (D:10)
  Robin (D:2)
  12 adders
  3 gnolls (D:5)
  3 shadow imps
  2 oozes
  An adder skeleton (D:7)
  An adder zombie (D:5)
  5 worms
  4 dart slugs
  6 leopard geckos
  21 orcs
  5 giant cockroaches
  11 goblins
  13 hobgoblins
  9 jackals
  12 kobolds
  3 quokkas
  6 ball pythons
  8 bats
  7 frilled lizards
  2 gnoll zombies (D:6)
  A quokka zombie (D:6)
  9 rats
209 creatures vanquished.

Vanquished Creatures (others)
  3 withered plants (D:3)
3 creatures vanquished.

Grand Total: 212 creatures vanquished

Notes
Turn   | Place    | Note
-------+----------+-------------------------------------------
     0 | D:1      | H0rd4k the Deep Elf Wizard began the quest for the Orb.
     0 | D:1      | Reached XP level 1. HP: 10/10 MP: 7/7
   212 | D:1      | Reached skill level 5 in Spellcasting
   273 | D:1      | Reached XP level 2. HP: 15/15 MP: 6/10
  1138 | D:2      | Reached XP level 3. HP: 19/19 MP: 9/12
  1227 | D:2      | Learned a level 2 spell: Blink
  1231 | D:2      | Learned a level 3 spell: Conjure Flame
  1235 | D:2      | Learned a level 3 spell: Mephitic Cloud
  1501 | D:2      | Reached skill level 6 in Spellcasting
  2110 | D:2      | Found a shimmering altar of Xom.
  2124 | D:2      | Reached XP level 4. HP: 22/24 MP: 4/14
  2284 | D:2      | Noticed Robin
  2297 | D:2      | Reached skill level 1 in Fire Magic
  2657 | D:3      | Found a runed translucent gate.
  2657 | D:3      | Found a runed translucent gate.
  2658 | D:3      | Found a runed translucent gate.
  2659 | D:3      | Noticed bananovenc's ghost (amateur DsSk)
  2660 | D:3      | Noticed philipeq's ghost (amateur DsMo)
  2660 | D:3      | Noticed TangoThomas's ghost (amateur DsVM)
  2716 | D:3      | Noticed Terence
  2859 | D:2      | Killed Robin
  2859 | D:2      | Reached skill level 1 in Poison Magic
  3819 | D:3      | Killed Terence
  3819 | D:3      | Reached XP level 5. HP: 28/28 MP: 1/15
  3958 | D:3      | Reached skill level 1 in Air Magic
  4299 | D:3      | Noticed Natasha
  4443 | D:3      | Killed Natasha
  4532 | D:3      | Noticed Natasha
  4539 | D:3      | Killed Natasha
  4539 | D:3      | Reached skill level 7 in Spellcasting
  4712 | D:3      | Reached XP level 6. HP: 32/32 MP: 12/18
  5302 | D:4      | Found an opulent altar of Gozag.
  5738 | D:4      | Became a worshipper of Gozag Ym Sagoz the Greedy
  5844 | D:5      | Entered Level 5 of the Dungeon
  6096 | D:5      | Found Rassikko's Antique Weapon Emporium.
  6455 | D:5      | Noticed a sky beast
  6693 | D:5      | Killed a sky beast
  6693 | D:5      | Reached XP level 7. HP: 28/36 MP: 10/20
  6800 | D:5      | Found a glowing silver altar of Zin.
  6800 | D:5      | Found a shimmering blue altar of Sif Muna.
  6803 | D:5      | Found a stormy altar of Qazlal.
  7464 | D:5      | Reached skill level 8 in Spellcasting
  7515 | D:5      | Learned a level 4 spell: Olgreb's Toxic Radiance
  7519 | D:5      | Learned a level 3 spell: Ignite Poison
  7790 | D:6      | Got a steaming ring mail
  8007 | D:6      | Reached skill level 5 in Conjurations
  8023 | D:6      | Reached XP level 8. HP: 41/41 MP: 19/22
  8208 | D:6      | Found an ornate altar of the Wu Jian Council.
  8378 | D:6      | Found a basalt altar of Yredelemnul.
  8538 | D:6      | Reached skill level 9 in Spellcasting
  9117 | D:7      | Found a staircase to the Ecumenical Temple.
  9162 | D:7      | Noticed Dowan
  9165 | D:7      | Noticed Duvessa
  9185 | D:7      | Killed Duvessa
  9336 | D:7      | Killed Dowan
  9336 | D:7      | Reached skill level 10 in Spellcasting
  9481 | D:7      | Reached skill level 1 in Evocations
  9981 | D:7      | Found a runed translucent door.
  9982 | D:7      | Noticed DildoBatman's ghost (novice FoWz)
  9998 | D:7      | Identified the +2 ring mail of a bazaar {Str+2 Dex+7
                  | Stlth+} (You found it on level 6 of the Dungeon)
 10224 | D:8      | Noticed a hippogriff
 10242 | D:8      | Killed a hippogriff
 10242 | D:8      | Reached XP level 9. HP: 45/45 MP: 20/25
 10446 | D:8      | Reached skill level 11 in Spellcasting
 10981 | D:8      | Noticed a two-headed ogre
 11228 | D:8      | Killed a two-headed ogre
 11228 | D:8      | Reached skill level 12 in Spellcasting
 11645 | D:8      | Found a staircase to the Lair.
 12788 | D:9      | Reached XP level 10. HP: 50/50 MP: 22/28
 12918 | D:10     | Entered Level 10 of the Dungeon
 13654 | D:10     | Found a staircase to the Orcish Mines.
 13758 | D:10     | Reached skill level 13 in Spellcasting
 14044 | D:11     | Noticed a four-headed hydra
 14047 | D:11     | Noticed a five-headed hydra
 14051 | D:11     | Noticed a four-headed hydra
 14077 | D:11     | Slain by a five-headed hydra

Illustrated notes

Levels and vault maps discovered:
D:1:      lemuel_arrival_river_ford, layout_loops_cross
D:2:      layout_basic, lemuel_crystal_altar, chequers_serial_rivers_micro_d,
          uniq_robin
D:3:      layout_loops_ring, first_ration, gammafunk_ghost_cemetery,
          uniq_terence, uniq_natasha
D:4:      layout_loops_ring, corexii_hall_statues_t, nicolae_gozag_seed_capital
D:5:      layout_loops_ring, grunt_temple_overflow_open, serial_shops, shop
D:6:      layout_loops_ring, lemuel_zombie_altar_yredelemnul,
          overflow_temple_1_default, hangedman_decor_riveting
D:7:      layout_loops_cross, minmay_temple_entry_tees, gammafunk_ghost_grave,
          the_bakery, uniq_duvessa
D:8:      layout_gridville, erik_lair_orcish_takeover, serial_rivers,
          chequers_serial_rivers_micro_b, chequers_serial_rivers_micro_c,
          chequers_serial_rivers_micro_c, chequers_serial_rivers_micro_d
D:9:      layout_basic
D:10:     layout_small_grid, orc_0_dummy
D:11:     layout_roguey, serial_shops, shop_statue, gauntlet_entry_generic,
          grunt_decor_arrowhead, kennysheep_opposing_triangles, uniq_harold,
          uniq_erolcha

Skill      XL: |  1  2  3  4  5  6  7  8  9 10 |
---------------+-------------------------------+-----
Spellcasting   | 5 6 7 8 10 12 13 | 13.0
Fire Magic     | 1 2 |  2.9
Poison Magic   | 1 2 3 4 |  4.8
Conjurations   | 2 4 5 6 7 8 |  8.4
Air Magic      | 1 2 |  2.7
Stealth        | 3 4 |  4.3
Dodging        | 3 |  3.9
Translocations | 3 4 |  4.0
Evocations     | 1 |  1.3
Summonings     | |  1.1
Transmutations | |  0.2

Action                   |  1- 3 |  4- 6 |  7- 9 | 10-12 || total
-------------------------+-------+-------+-------+-------++-------
Melee: Unarmed           |       |     1 |       |       ||     1
 Cast: Magic Dart        |   132 |   210 |   351 |    96 ||   789
       Conjure Flame     |       |     7 |    21 |     5 ||    33
       Mephitic Cloud    |       |     6 |    11 |     4 ||    21
       Blink             |       |     4 |    20 |     5 ||    29
       Olgreb's Toxic Ra |       |       |     4 |       ||     4
       Ignite Poison     |       |       |     1 |       ||     1
Evoke: Wand              |       |       |     7 |       ||     7
  Use: Potion            |       |     1 |       |       ||     1
       Scroll            |       |       |     9 |       ||     9
  Eat: Chunk             |     3 |    12 |       |       ||    15
       Ration            |       |     1 |     5 |     1 ||     7
Armor: Robe              |     3 |     5 |     4 |     3 ||    15
Dodge: Dodged            |    27 |    19 |    37 |    14 ||    97
Block: Other             |       |       |     8 |     6 ||    14
       Reflection        |       |       |     2 |       ||     2
